 Dungeon Crawl Stone Soup version 0.15-a0-39-g424acf8 (webtiles) character file.

2812 4tharraofdagon the Spear-Bearer (level 9, 0/106 HPs)
             Began as a Merfolk Gladiator on Apr 3, 2014.
             Was a Follower of the Shining One.
             Slain by a gargoyle
             ... wielding a cursed -1,-2 flail
              (7 damage)
             ... on Level 10 of the Dungeon.
             The game lasted 00:18:58 (3396 turns).

4tharraofdagon the Spear-Bearer (Merfolk Gladiator) Turns: 3396, Time: 00:18:58

HP   0/106       AC 25     Str 15      XL: 9   Next: 70%
MP   9/9         EV  1     Int 10      God: the Shining One [*.....]
Gold 34          SH  0     Dex 15      Spells:  0 memorised,  8 levels left

rFire  . . .     SeeInvis .     y - -1,+0 glaive
rCold  . . .     Clarity  .     q - melded +2 chain mail {rC+}
rNeg   + + +     Conserve .     (no shield)
rPois  +         rCorr    .     c - +0 helmet
rElec  .         rRot     .     x - melded +0 cloak
SustAb . .       Spirit   .     (gloves currently unavailable)
rMut   .         Warding  .     B - melded +0 pair of boots (curse)
Saprov . . .     NoTele   +     (no amulet)
MR     .....                    (no ring)
                                (no ring)

@: tree-form, lethally poisoned, glowing, not resistant to hostile enchantments,
very unstealthy
A: (change form in water), (swift swim), (iridescent scales 0)
a: Renounce Religion


You were on level 10 of the Dungeon.
You worshipped the Shining One.
The Shining One was aware of your devotion.
You were not hungry.
You were an animated tree.
You visited 2 branches of the dungeon, and saw 12 of its levels.

You collected 146 gold pieces.
You spent 112 gold pieces at shops.

Inventory:

Hand weapons
 a - a +0,-1 trident
 e - a +0,-1 scythe
 v - a +1,+2 trident
 y - a -1,+0 glaive (weapon)
Missiles
 u - a javelin (quivered)
 w - 12 darts of dispersal
Armour
 b - a +0 leather armour
 c - a +0 helmet (worn)
 h - a +0 large shield
 j - a +0 chain mail
 q - a +2 chain mail of cold resistance (melded)
 x - a +0 cloak (melded)
 B - a cursed +0 pair of boots (melded)
Magical devices
 r - a wand of digging (15)
 s - a wand of polymorph (9)
 t - a wand of slowing (0)
Comestibles
 d - 3 meat rations
 f - a bread ration
 m - a chunk of giant gecko flesh
 z - a chunk of porcupine flesh
Scrolls
 i - a scroll of amnesia
 l - 2 scrolls of immolation
 n - a scroll of noise
 o - a scroll of enchant weapon I
Potions
 g - 2 potions of curing


   Skills:
 + Level 6.6 Fighting
 * Level 12.3 Polearms
 - Level 2.0 Throwing
 + Level 4.0 Armour
 + Level 8.8 Dodging


You had 8 spell levels left.
You didn't know any spells.

Dungeon Overview and Level Annotations

Branches:
Dungeon (11/15)            Temple (1/1) D:5             Orc (0/4) D:9
   Lair: D:8-11

Altars:
Ashenzari
Cheibriados
Dithmenos
Elyvilon
Fedhas
Kikubaaqudgha
Makhleb
Nemelex Xobeh
Okawaru
Sif Muna
Trog
Vehumet
Xom
Yredelemnul
Zin
The Shining One

Shops:
D:10 [


Innate Abilities, Weirdness & Mutations

((You revert to your normal form in water.))*
((You are very nimble and swift while swimming.))*
((You are partially covered in iridescent scales (AC +4).))*


Message History

You turn into an animated tree.
Your +0 cloak melds into your body.
Your cursed +0 pair of boots melds into your body.
Your +2 chain mail of cold resistance melds into your body.
You catch a bit of a chill.
Your roots penetrate the ground.
It was a potion of lignification.
You feel sick. The gargoyle hits you with a flail!
* * * LOW HITPOINT WARNING * * *
It'd take too long for a potion to reach your roots.
You hit the gargoyle but do no damage.
The gargoyle is heavily damaged.
You feel sick.
The gargoyle hurls a stone arrow at you.
The stone arrow hits you!
* * * LOW HITPOINT WARNING * * *
Unknown command.
You hit the gargoyle.
The gargoyle is severely damaged.
* * * LOW HITPOINT WARNING * * *
You feel sick. The gargoyle hits you with a flail!
You die...

.........................
#..........%..............
#.........................
#.................########
#.................#
#.................#
#......>..........#
#.................#
#........♣........#
#........9........#
#.................#
........(.......
.......(.......
............. ...........
......... ...


You could see a gargoyle.

Vanquished Creatures
  Maurice (D:8)
  Grum (D:8)
  A hungry ghost (D:7)
  4 wolves (D:8)
  A porcupine (D:10)
  A phantom (D:8)
  5 ogres
  2 centaurs
  An ice beast (D:8)
  Sigmund (D:3)
  A giant frog (D:6)
  3 scorpions
  A goliath beetle (D:10)
  A crimson imp (D:5)
  A centaur zombie (D:8)
  2 giant frog skeletons (D:7)
  A big fish (D:5)
  2 jellies
  An orc priest (D:4)
  2 elf skeletons
  2 orc wizards (D:6)
  2 worker ants
  A killer bee zombie (D:8)
  A sky beast zombie (D:10)
  An ogre skeleton (D:8)
  6 adders
  A gnoll (D:1)
  A shadow imp (D:10)
  A worm (D:10)
  A goliath beetle zombie (D:8)
  An adder zombie (D:5)
  2 giant geckos
  20 orcs
  2 giant cockroaches
  11 hobgoblins
  7 jackals (D:4)
  7 quokkas
  A ball python (D:3)
  2 bats (D:4)
  3 giant newts
  2 giant spores
  7 goblins
  5 kobolds
  A kobold skeleton (D:7)
  11 rats
  6 ballistomycetes
138 creatures vanquished.

Vanquished Creatures (others)
  A sky beast (D:8)
  A hound (D:8)
  A bat (D:8)
  A kobold skeleton (D:8)
4 creatures vanquished.

Grand Total: 142 creatures vanquished

Notes
Turn   | Place    | Note
--------------------------------------------------------------
     0 | D:1      | 4tharraofdagon, the Merfolk Gladiator, began the quest for the Orb.
     0 | D:1      | Reached XP level 1. HP: 16/16 MP: 1/1
    81 | D:2      | Reached skill level 5 in Polearms
    81 | D:2      | Reached XP level 2. HP: 23/23 MP: 2/2
   163 | D:2      | Reached XP level 3. HP: 23/28 MP: 3/3
   363 | D:2      | Found a radiant altar of Vehumet.
   419 | D:3      | Reached XP level 4. HP: 30/34 MP: 4/4
   489 | D:3      | Noticed Sigmund
   531 | D:4      | Gained mutation: You are partially covered in iridescent scales (AC +4). [potion of beneficial mutation]
   601 | D:3      | Killed Sigmund
   601 | D:3      | Reached skill level 6 in Polearms
   601 | D:3      | Reached skill level 1 in Armour
   601 | D:3      | Reached skill level 5 in Dodging
   601 | D:3      | Reached XP level 5. HP: 30/41 MP: 5/5
   731 | D:5      | Entered Level 5 of the Dungeon
   935 | D:4      | Reached XP level 6. HP: 34/47 MP: 6/6
   939 | D:4      | Reached skill level 7 in Polearms
  1151 | D:5      | Noticed a sky beast
  1180 | D:5      | Found a white marble altar of Elyvilon.
  1254 | D:5      | Noticed an ogre
  1311 | D:5      | Killed an ogre
  1335 | D:5      | Noticed an ogre
  1377 | D:5      | Killed an ogre
  1377 | D:5      | Reached XP level 7. HP: 20/54 MP: 7/7
  1422 | D:5      | Found a staircase to the Ecumenical Temple.
  1428 | Temple   | Entered the Ecumenical Temple
  1454 | Temple   | Became a worshipper of the Shining One
  1523 | D:5      | Reached skill level 8 in Polearms
  1910 | D:7      | Noticed a hungry ghost
  1922 | D:7      | Killed a hungry ghost
  1948 | D:7      | Reached skill level 9 in Polearms
  1948 | D:7      | Reached XP level 8. HP: 55/61 MP: 8/8
  2000 | D:6      | Found a basalt altar of Yredelemnul.
  2111 | D:6      | Reached skill level 5 in Fighting
  2294 | D:7      | Acquired the Shining One's first power
  2322 | D:8      | Noticed Maurice
  2413 | D:8      | Noticed Grum
  2443 | D:8      | Reached skill level 10 in Polearms
  2489 | D:8      | Found a shimmering altar of Xom.
  2557 | D:8      | Found a bloodstained altar of Trog.
  2557 | D:8      | Found an ancient bone altar of Kikubaaqudgha.
  2862 | D:8      | Reached XP level 9. HP: 61/69 MP: 9/9
  2902 | D:8      | Killed Maurice
  2902 | D:8      | Reached skill level 11 in Polearms
  2943 | D:8      | Killed Grum
  2964 | D:8      | Reached skill level 12 in Polearms
  3014 | D:9      | Found a staircase to the Orcish Mines.
  3070 | D:9      | Found an iron altar of Okawaru.
  3070 | D:9      | Found a shattered altar of Ashenzari.
  3087 | D:10     | Entered Level 10 of the Dungeon
  3125 | D:10     | Found Wagag's Antique Armour Emporium.
  3140 | D:10     | Bought a pair of glowing boots for 112 gold pieces
  3302 | D:11     | Noticed a hill giant
  3383 | D:10     | Noticed a gargoyle
  3396 | D:10     | Slain by a gargoyle

Action                   |  1- 3 |  4- 6 |  7- 9 || total
-------------------------+-------+-------+-------++-------
Melee: Trident           |    60 |    62 |   274 ||   396
       Scythe            |       |    99 |    30 ||   129
       Glaive            |       |       |    60 ||    60
Throw: Throwing net      |     4 |     4 |       ||     8
       Javelin           |       |       |     7 ||     7
Evoke: Wand              |       |     1 |     4 ||     5
  Use: Potion            |     1 |     2 |     4 ||     7
       Scroll            |       |     2 |     9 ||    11
 Stab: Held in net/web   |     5 |       |       ||     5
       Sleeping          |     1 |       |       ||     1
       Distracted        |       |       |     1 ||     1
